Map: [ESL] Waterfall

Players

Scarlett - Winner!

  • Race: Zerg Zerg
  • Spawn Location: 1:00

PureLegacy

  • Race: Terran Terran
  • Spawn Location: 7:00

Event: DreamHack SC2 Masters 2022 Atlanta (Online)

VOD

Have the link to the VOD?

Description

Time

  • Played on: Oct. 4, 2022, 4:49 p.m.
  • Length: 4:21

All games in this series

Show
View Real Time Build Order
Export as new Build Order

Scarlett Zerg - Winner!

Build Orders: Pool First 

Get SALT Encoding   

  12  0:00  Drone  
  13  0:12  Overlord  
  13  0:17  Drone  
  14  0:30  Drone  
  14  0:31  Drone  
  14  0:35  Drone  
  17  0:45  Drone  
  17  0:46  Extractor  
  17  0:49  Spawning Pool  
  16  0:56  Drone  
  17  1:07  Drone  
  18  1:16  Hatchery  
  17  1:20  Drone  
  18  1:36  Zergling x2, Queen  
  21  1:46  Metabolic Boost  
  21  1:49  Overlord  
  22  1:54  Zergling x2  
  22  2:08  Zergling x2  
  22  2:13  Spine Crawler  
  22  2:14  Queen  
  24  2:23  Zergling x4  
  25  2:30  Queen  
  25  2:35  Zergling x2  
  28  2:37  Zergling x2  
  29  2:53  Zergling x10  
  34  3:10  Overlord  
  34  3:11  Queen  
  35  3:15  Zergling x2  
  36  3:28  Queen  
  36  3:38  Drone  
  36  3:39  Drone x4  
  38  3:52  Overlord  
  38  3:53  Zergling x6  
  41  3:56  Zergling x2  
Show
View Real Time Build Order
Export as new Build Order

PureLegacy Terran 

Build Orders:  

Get SALT Encoding   

  12  0:00  SCV  
  13  0:12  SCV  
  14  0:18  Supply Depot  
  14  0:25  SCV  
  15  0:40  Barracks  
  15  0:44  Refinery  
  15  0:57  Barracks  
  15  1:05  Refinery  
  15  1:27  Reaper  
  15  1:28  Barracks  
  16  1:44  Reaper  
  17  1:51  Barracks  
  17  2:00  Reaper  
  18  2:16  Reaper x2  
  20  2:32  Reaper  
  21  2:41  Reaper  
  22  2:52  Reaper  
  23  3:07  Reaper  
  23  3:11  Supply Depot  
  23  3:30  Reaper  
  23  3:31  Reaper  
  23  3:32  Reaper  
  24  3:39  Reaper  
  21  3:46  Orbital Command  
Tags
 
Add a new tag
Caveats
  • Supply blocks, unpowered buildings, or Contaminate may cause inaccurate times.
  • Supply counts are checked every 10 seconds.